AoeStats
← lex.18.1985gs

Black Forest

510602253Analyzed
2v2 RM · 19h ago on Oct 1, 2026· 82m 15s· 4 players
Game mode
Random Map
Map size
Medium (4 player)
Population
200
Speed
Normal
Resources
Standard
Victory
Conquest
Starting age
Dark Age
Ending age
Imperial Age
RankedLock teamsTeams togetherTeam positionsShared explorationLock speedFull tech treeHidden civsTurbo modeCheats
Victory
Defeat
🇪🇸 Burmese · Spain
586
+9
🇩🇪 Khmer · Germany
541
+10
🇬🇷 Persians · Greece
457
-11
🇦🇷 Turks · Argentina
380
-8
Dream
0:40 Loom
14:52 Feudal Age
24:48 Double-Bit Axe
24:45 Horse Collar
26:46 Bloodlines
28:09 Wheelbarrow
35:31 Castle Age
34:29 Gold Mining
34:30 Stone Mining
34:12 Man-at-Arms
34:41 Arson
35:58 Scale Barding Armor
38:36 Hand Cart
38:58 Husbandry
57:46 Light Cavalry
60:49 Caravan
62:49 Bow Saw
62:45 Heavy Plow
64:56 Fishing Lines
68:11 Gillnets
76:35 Parthian Tactics
76:16 Thumb Ring
lex.18.1985gs
0:35 Loom
16:32 Feudal Age
17:55 Wheelbarrow
17:09 Double-Bit Axe
17:35 Horse Collar
28:55 Castle Age
31:39 Hand Cart
31:56 Bow Saw
33:11 Heavy Plow
36:22 Treadmill Crane
40:21 Stone Mining
43:00 Gold Mining
46:07 Imperial Age
46:15 Imperial Age
49:15 Two-Man Saw
48:38 Forging
49:15 Gold Shaft Mining
51:17 Ballistics
52:31 Fortified Wall
55:06 Artillery
59:06 Elite Janissary
61:00 Murder Holes
65:56 Scale Mail Armor
69:16 Iron Casting
Wapitidfmp
0:39 Loom
12:00 Feudal Age
12:54 Double-Bit Axe
15:31 Wheelbarrow
15:57 Gold Mining
18:05 Town Watch
18:38 Stone Mining
20:04 Fletching
20:26 Forging
20:22 Scale Barding Armor
26:03 Castle Age
25:14 Horse Collar
26:22 Bloodlines
30:02 Imperial Age
28:19 Husbandry
31:11 Gold Shaft Mining
31:30 Conscription
32:02 Capped Ram
35:04 Town Patrol
35:23 Bodkin Arrow
38:15 Heavy Scorpion
39:54 Cavalier
40:53 Caravan
43:30 Bracer
48:56 Ballistics
49:37 Chemistry
48:43 Siege Engineers
57:26 Elite Ballista Elephant
62:39 Double Crossbow
63:13 Hand Cart
63:56 Iron Casting
63:42 Chain Barding Armor
67:06 Onager
68:01 Fortified Wall
Imper
0:46 Loom
17:20 Feudal Age
19:36 Town Watch
23:20 Wheelbarrow
34:56 Castle Age
33:14 Horse Collar
38:01 Gold Mining
40:14 Heavy Plow
42:21 Caravan
43:17 Scale Barding Armor
43:21 Stone Mining
45:04 Chain Barding Armor
44:55 Forging
45:41 Padded Archer Armor
46:27 Ballistics
47:33 Hand Cart
52:26 Imperial Age
51:35 Gold Shaft Mining
50:57 Fletching
50:55 Treadmill Crane
51:28 Masonry
53:48 Plate Barding Armor
53:50 Iron Casting
55:18 Bodkin Arrow
56:29 Chemistry
55:25 Murder Holes
58:12 Conscription
59:31 Manipur Cavalry
61:21 Architecture
60:43 Guard Tower
61:21 Scale Mail Armor
62:03 Town Patrol
64:18 Bracer
64:34 Chain Mail Armor
65:20 Blast Furnace
65:50 Guilds
66:10 Coinage
67:10 Plate Mail Armor
67:16 Howdah
68:21 Elite Battle Elephant
69:03 Husbandry
69:14 Bloodlines
71:09 Banking
79:39 Keep
79:14 Fortified Wall
78:54 Heated Shot
79:10 Siege Engineers
79:16 Careening
79:16 Clinker Construction
82:00 Fervor
81:51 Atonement
82:02 Redemption
82:13 Sanctity
81:53 Devotion
82:19 Illumination
82:09 Block Printing
81:50 Herbal Medicine
82:31 Theocracy
Connection lost

Rejoining the realm…

Still unreachable

The connection could not be restored.

Session expired

The server has moved on; the page needs a fresh start.